 Dungeon Crawl Stone Soup version 0.23.1 (webtiles) character file.

Game seed: 12836486565102554957

1839 Borgoz the Ducker (level 9, -1/73 HPs)
             Began as a Ghoul Enchanter on Mar 2, 2019.
             Was a Follower of Ashenzari.
             Slain by a killer bee (7 damage)
             ... on level 6 of the Dungeon.
             The game lasted 00:11:43 (6425 turns).

Borgoz the Ducker (Ghoul Enchanter)                 Turns: 6425, Time: 00:11:45

Health: -1/73      AC:  6    Str: 17    XL:     9   Next: 11%
Magic:  10/10      EV: 14    Int: 15    God:    Ashenzari [*.....]
Gold:   372        SH:  0    Dex: 12    Spells: 8/11 levels left

rFire    + . .     SeeInvis .   l - +3 short sword (speed)
rCold    + . .     Gourm    .   (no shield)
rNeg     + + +     Faith    .   t - +2 leather armour {rF+} (curse)
rPois    ∞         Spirit   .   D - +0 helmet "Tinuvep" {rPois}
rElec    .         Reflect  .   (no cloak)
rCorr    .         Harm     .   (no gloves)
MR       +....                  (no boots)
Stlth    ++........             (no amulet)
HPRegen  0.00/turn              h - ring of protection from magic (curse)
MPRegen  0.12/turn              (no ring)

@: mighty, brilliant, about to teleport, rotting
A: rotting body, claws 1, carnivore, cold resistance 1, negative energy
resistance 3, inhibited regeneration, torment resistance, unbreathing
a: Curse Item, Scrying, Renounce Religion


You were on level 6 of the Dungeon.
You worshipped Ashenzari.
Ashenzari was aware of your devotion.
You were not hungry.

You visited 2 branches of the dungeon, and saw 8 of its levels.

You collected 372 gold pieces.

Inventory:

Hand Weapons
 a - a +1 dagger
 l - a +3 short sword of speed (weapon)
 o - a +2 dagger of freezing
Missiles
 v - 19 poisoned needles
Armour
 c - a +4 ring mail
 t - a cursed +2 leather armour of fire resistance (worn)
 D - the +0 helmet "Tinuvep" (worn) {rPois}
   (You found it on level 7 of the Dungeon)

   It protects you from poison.
Jewellery
 h - a cursed ring of protection from magic (left claw)
Wands
 e - a wand of acid (5)
 r - a wand of iceblast (14)
 y - a wand of polymorph (5)
Scrolls
 b - 2 scrolls of enchant weapon {unknown}
 f - a scroll of fog {unknown}
 g - 5 scrolls of identify {unknown}
 i - 2 scrolls of enchant armour {unknown}
 k - a scroll of teleportation
 m - 3 scrolls of fear {unknown}
 n - 2 scrolls of remove curse
 p - 3 scrolls of blinking {unknown}
 z - a scroll of magic mapping {unknown}
Potions
 q - a potion of lignification {unknown}
 s - a potion of curing {unknown}
 u - a potion of might
 w - a potion of cancellation {unknown}
 x - a potion of degeneration {unknown}
 A - a potion of berserk rage {unknown}
Comestibles
 d - 15 rations


   Skills:
 + Level 4.8 Fighting
 * Level 5.7 Short Blades
 + Level 2.6 Throwing
 + Level 3.9 Armour
 * Level 6.0 Dodging
 - Level 3.2 Stealth
 - Level 1.7 Spellcasting
 - Level 2.4 Hexes


You had 8 spell levels left.
You knew the following spells:

 Your Spells              Type           Power        Failure   Level  Hunger
a - Corona                Hex            ###....      1%          1    ##.....
b - Ensorcelled Hibernat  Hex/Ice        ##....       3%          2    ###....

Your spell library contained the following spells:

 Spells                   Type           Power        Failure   Level  Hunger
 Confuse                  Hex            ###.....     3%          3    ####...
 Tukima's Dance           Hex            ###.....     3%          3    ####...
 Dazzling Spray           Conj/Hex       ##....       6%          3    ####...


Dungeon Overview and Level Annotations

Branches:
Dungeon (7/15)             Temple (1/1) D:4

Altars:
Ashenzari
Cheibriados
Dithmenos
Elyvilon
Fedhas
Gozag
Hepliaklqana
Makhleb
Nemelex Xobeh
Okawaru
Qazlal
Ru
Sif Muna
Trog
Uskayaw
Vehumet
Wu Jian
Xom
Yredelemnul
Zin
The Shining One


Innate Abilities, Weirdness & Mutations

Your body is rotting away.
You thrive on raw meat.
You are immune to poison.
You have sharp fingernails.
You are carnivorous and can eat meat at any time.
Your flesh is cold resistant. (rC+)
You are immune to negative energy. (rN+++)
You do not regenerate when monsters are visible.
You are immune to unholy pain and torment.
You can survive without breathing.


Message History

It was a potion of brilliance.
You feel clever all of a sudden. The killer bee completely misses you.
The killer bee stings you but does no damage.
The killer bee stings you.
* * * LOW HITPOINT WARNING * * *
The killer bee barely misses you. The killer bee closely misses you.
The killer bee barely misses you.
As you read the scroll of teleportation, it crumbles to dust.
You feel strangely unstable. The killer bee closely misses you. x2
The killer bee barely misses you.
The killer bee stings you but does no damage.
The killer bee misses you. The killer bee barely misses you.
It was a potion of might.
You feel very mighty all of a sudden. The killer bee closely misses you.
The killer bee barely misses you. The killer bee misses you.
The killer bee stings you but does no damage.
The killer bee stings you!
You die...

......<# ########.# ######.#
#......... #
##.#################.######.# #
##....................#### ##.
#.....#####.#####........# ##
####....#.####.#####.##..##.#####
.......###.......................
##......#.####.##y...#...##.#####
.......#.......y@y###.......# #
##.....#######.#### #.......## #
#.....# #.# #....[...# #
####.########.# #........# #
#.#........# ##........#
#.#.######## #.........#
#####.#.############.........#
......#.##.............#.##).####
.###....##.########..#...........


You could see 3 killer bees.

Vanquished Creatures
  Sigmund (D:6)
  A water moccasin (D:5)
  A sky beast (D:5)
  An ice beast (D:5)
  An ogre (D:4)
  4 bullfrogs
  3 scorpions (D:6)
  4 killer bees (D:3)
  3 crimson imps
  A centaur zombie (D:5)
  A jelly (D:5)
  A bullfrog skeleton (D:4)
  2 centaur skeletons
  An orc priest (D:4)
  An orc wizard (D:5)
  Natasha (thrice) (D:4)
  2 iguanas (D:6)
  Ijyb (D:4)
  11 adders
  5 gnolls
  A howler monkey skeleton (D:4)
  An ooze (D:2)
  3 adder skeletons
  4 worms
  2 dart slugs (D:2)
  4 leopard geckos
  8 orcs
  6 giant cockroaches
  10 goblins
  4 hobgoblins
  9 jackals
  A quokka (D:2)
  6 bats
  6 frilled lizards
  14 kobolds
  A quokka zombie (D:6)
  5 rats (D:2)
133 creatures vanquished.

Notes
Turn   | Place    | Note
-------+----------+-------------------------------------------
     0 | D:1      | Borgoz the Ghoul Enchanter began the quest for the Orb.
     0 | D:1      | Reached XP level 1. HP: 14/14 MP: 2/2
   353 | D:1      | Reached skill level 1 in Short Blades
   427 | D:1      | Reached skill level 2 in Dodging
   586 | D:1      | Reached XP level 2. HP: 17/22 MP: 3/3
   994 | D:1      | Reached skill level 1 in Fighting
   994 | D:1      | Reached XP level 3. HP: 9/28 MP: 4/4
  1056 | D:1      | Learned a level 2 spell: Ensorcelled Hibernation
  1386 | D:2      | Reached skill level 1 in Armour
  1519 | D:2      | Reached XP level 4. HP: 26/35 MP: 5/5
  2084 | D:3      | Reached XP level 5. HP: 40/41 MP: 6/6
  2131 | D:3      | Reached skill level 3 in Dodging
  2187 | D:3      | Reached XP level 6. HP: 24/50 MP: 7/7
  2752 | D:4      | Found a staircase to the Ecumenical Temple.
  2766 | Temple   | Entered the Ecumenical Temple
  2874 | Temple   | Became a worshipper of Ashenzari the Shackled
  2953 | D:4      | Noticed Ijyb
  2979 | D:4      | Killed Ijyb
  3225 | D:4      | Reached skill level 4 in Dodging
  3225 | D:4      | Reached XP level 7. HP: 42/57 MP: 8/8
  3277 | D:4      | Noticed Natasha
  3288 | D:4      | Killed Natasha
  3538 | D:5      | Entered Level 5 of the Dungeon
  3789 | D:4      | Noticed Natasha
  3802 | D:4      | Killed Natasha
  4053 | D:4      | Noticed Natasha
  4082 | D:4      | Killed Natasha
  4191 | D:5      | Reached skill level 1 in Throwing
  4191 | D:5      | Reached XP level 8. HP: 36/64 MP: 9/9
  4447 | D:5      | Reached skill level 5 in Dodging
  5304 | D:6      | Reached skill level 5 in Short Blades
  5317 | D:6      | Reached * piety under Ashenzari
  5440 | D:6      | Noticed Sigmund
  5529 | D:6      | Killed Sigmund
  5581 | D:6      | Reached XP level 9. HP: 61/72 MP: 10/10
  6036 | D:7      | Reached skill level 6 in Dodging
  6094 | D:7      | Got the uncursed helmet "Tinuvep" {rPois}
  6102 | D:7      | Identified the +0 helmet "Tinuvep" {rPois} (You found it on
                  | level 7 of the Dungeon)
  6425 | D:6      | Slain by a killer bee

Skill      XL: |  1  2  3  4  5  6  7  8  9 |
---------------+----------------------------+-----
Short Blades   | 1 2 3 4 5 |  5.7
Dodging        | 2 3 4 5 6 |  6.0
Fighting       | 1 2 3 4 |  4.8
Armour         | 1 2 3 |  3.9
Throwing       | 1 2 |  2.6
Stealth        | |  3.2
Spellcasting   | |  1.7
Hexes          | |  2.4

Action                   |  1- 3 |  4- 6 |  7- 9 || total
-------------------------+-------+-------+-------++-------
Melee: Dagger            |   224 |    32 |       ||   256
       Short sword       |       |   205 |   387 ||   592
 Cast: Ensorcelled Hiber |       |       |     8 ||     8
       Corona            |       |       |     2 ||     2
Invok: Curse Item        |       |       |     2 ||     2
Evoke: Wand              |       |       |     2 ||     2
  Use: Scroll            |     1 |       |     1 ||     2
       Potion            |       |     3 |     4 ||     7
 Stab: Distracted        |     1 |       |       ||     1
       Sleeping          |     2 |     5 |     3 ||    10
  Eat: Chunk             |    15 |    14 |    20 ||    49
Armor: Ring mail         |   110 |    49 |       ||   159
       Leather armour    |       |     2 |    62 ||    64
Dodge: Dodged            |   131 |   131 |   226 ||   488
